 Dungeon Crawl Stone Soup version 0.31-a0-1068-g5939ac1fb6 (webtiles) character file.

Game seed: 11001248528066066156

402 Dirtsage the Slasher (level 6, -4/47 HPs)
             Began as a Demonspawn Monk on Nov 25, 2023.
             Slain by a gnoll
             ... wielding a +1 flail of venom
             ... led by a gnoll bouda
              (9 damage)
             ... on level 4 of the Dungeon.
             The game lasted 00:05:21 (2283 turns).

Dirtsage the Slasher (Demonspawn Monk)              Turns: 2283, Time: 00:05:22

Health: -4/47      AC:  8    Str: 11    XL:     6   Next: 55%
Magic:  6/6        EV: 11    Int: 11    God:
Gold:   226        SH:  0    Dex: 18    Spells: 5/5 levels left

rFire   . . .        a - +0 falchion
rCold   . . .        d - orb {light}
rNeg    . . .        n - +0 ring mail
rPois   .            (no helmet)
rElec   .            i - +0 cloak
rCorr   .            (no gloves)
SInv    .            (no boots)
Will    .....        (no amulet)
Stlth   +            (no ring)
HPRegen 0.27/turn    (no ring)
MPRegen 0.10/turn

%: no passive effects
@: brilliant, lethally poisoned (-4 -> -17), glowing
A: icy blue scales 1, demonic guardian 1
a: no special abilities


You were on level 4 of the Dungeon.
You visited 1 branch of the dungeon, and saw 4 of its levels.

You collected 226 gold pieces.

Inventory:

Hand Weapons
 a - a +0 falchion (weapon)
Armour
 b - a +0 robe
 d - an orb of light (worn)
 i - a +0 cloak (worn)
 n - a +0 ring mail (worn)
 q - a +0 helmet
Jewellery
 p - a +6 ring of dexterity
Scrolls
 f - 3 scrolls of enchant weapon {unknown}
 g - a scroll of fog {unknown}
 j - a scroll of summoning {unknown}
 k - 2 scrolls of silence {unknown}
 m - 2 scrolls of identify {unknown}
 o - a scroll of vulnerability {unknown}
Potions
 c - a potion of ambrosia
 e - 2 potions of brilliance
 h - a potion of enlightenment {unknown}
 l - a potion of attraction {unknown}


   Skills:
 - Level 3.0 Fighting
 + Level 6.8 Long Blades
 - Level 2.6 Dodging


You had 5 spell levels left.
You didn't know any spells.
Your spell library contained the following spells:

 Spells                   Type           Power      Damage    Failure   Level
 Cause Fear               Hex            0%         N/A       100%        4
 Fireball                 Conj/Fire      0%         3d3       100%        5
 Dragon's Call            Summ           0%         N/A       100%        9


Dungeon Overview and Level Annotations

Branches:
Dungeon (4/15)
 Temple: D:4-7

Altars:
Okawaru


Innate Abilities, Weirdness & Mutations

You are partially covered in icy blue scales. (AC +2)
A weak demonic guardian rushes to your aid.


Message History

The gnoll bouda utters an invocation to its god.
The gnoll bouda is healed somewhat.
You hit the gnoll bouda.
The gnoll bouda is severely wounded.
The gnoll bouda hits you with a +0 whip.
You take 5 damage, and have 32/47 hp.
You slash the gnoll bouda!
You kill the gnoll bouda!
You hit the gnoll but do no damage.
The gnoll hits you with a +1 flail of venom.
You are poisoned.
You take 1 damage, and have 31/47 hp.
You hit the gnoll but do no damage.
You feel sick. The gnoll barely misses you.
You take 2 damage, and have 29/47 hp.
You hit the gnoll.
The gnoll is moderately wounded.
You feel sick.
The gnoll hits you with a +1 flail of venom.
You are more poisoned.
You take 6 damage, and have 23/47 hp.
You hit the gnoll but do no damage.
The gnoll is moderately wounded.
You feel sick.
The gnoll hits you with a +1 flail of venom!
* * * LOW HITPOINT WARNING * * *
You are lethally poisoned!
You take 10 damage, and have 13/47 hp.
MASSIVE DAMAGE!!
You hit the gnoll.
The gnoll is heavily wounded.
* * * LOW HITPOINT WARNING * * *
You feel very sick. The gnoll barely misses you.
You take 5 damage, and have 8/47 hp.
It was a potion of brilliance.
You feel clever all of a sudden.
* * * LOW HITPOINT WARNING * * *
You feel very sick.
The gnoll is no longer moving quickly.
The gnoll hits you with a +1 flail of venom!
You die...

#...# #.# ###.#
#.# #.# #.#
#.####..##
##.........
#####.........#
#.....#####....
#.#####... ###
#†@ggg.._.
#.#####.). #..
####


You could see 3 gnolls.

Vanquished Creatures
  A black bear (D:4)
  An ice beast (D:4)
  An orc priest (D:3)
  A gnoll bouda (D:4)
  2 orc wizards (D:3)
  Terence (D:3)
  3 worms (D:2)
  A dart slug (D:4)
  9 orcs
  6 ball pythons
  7 endoplasms
  2 giant cockroaches
  8 goblins
  3 hobgoblins
  3 jackals (D:1)
  3 quokkas
  3 frilled lizards
  5 kobolds
  5 rats (D:1)
65 creatures vanquished.

Vanquished Creatures (collateral kills)
  A goblin (D:1)
  A kobold (D:1)
2 creatures vanquished.

Grand Total: 67 creatures vanquished

Notes
Turn   | Place    | Note
-------+----------+-------------------------------------------
     0 | D:1      | Dirtsage the Demonspawn Monk began the quest for the Orb.
     0 | D:1      | Reached XP level 1. HP: 18/18 MP: 1/1
    66 | D:1      | Reached skill level 3 in Long Blades
   218 | D:1      | Found a faded altar of an unknown god.
   230 | D:1      | Gained mutation: A weak demonic guardian rushes to your
                  | aid. [demonic ancestry]
   230 | D:1      | Reached XP level 2. HP: 23/24 MP: 2/2
   536 | D:1      | Gained mutation: You are partially covered in icy blue
                  | scales. (AC +2) [demonic ancestry]
   536 | D:1      | Reached XP level 3. HP: 29/29 MP: 3/3
   689 | D:2      | Reached skill level 4 in Long Blades
  1182 | D:3      | Noticed Terence
  1196 | D:3      | Killed Terence
  1197 | D:3      | Reached XP level 4. HP: 20/35 MP: 4/4
  1471 | D:3      | Reached skill level 5 in Long Blades
  1477 | D:3      | Reached XP level 5. HP: 39/41 MP: 5/5
  2111 | D:4      | Noticed an ice beast
  2135 | D:4      | Killed an ice beast
  2136 | D:4      | Reached skill level 6 in Long Blades
  2136 | D:4      | Reached XP level 6. HP: 33/47 MP: 6/6
  2261 | D:4      | Found an iron altar of Okawaru.
  2283 | D:4      | Slain by a gnoll

Illustrated notes

Levels and vault maps discovered:
D:1:      roderic_crop_circles_arrival_large, layout_rooms,
          hellmonk_ecumenical_altar_arch_garden
D:2:      layout_rooms, minmay_hedge_maze
D:3:      layout_loops_ring, uniq_terence
D:4:      layout_loops_ring, mainiacjoe_overflow_surrounded_room,
          hangedman_abyss_or_decor_stagger, st_stairs_4

Skill      XL: |  1  2  3  4  5 |
---------------+----------------+-----
Long Blades    | 3 4 5 6 |  6.8
Fighting       | |  3.0
Dodging        | |  2.6

Action                     |  1- 3 |  4- 6 || total
---------------------------+-------+-------++-------
  Melee: Falchion          |   107 |    95 ||   202
    Use: Potion            |       |     1 ||     1
 Armour: Robe              |    41 |       ||    41
         Ring mail         |     9 |    53 ||    62
  Dodge: Dodged            |    53 |    36 ||    89

Table legend: (Time is in decaauts)
 A = Elapsed time spent in this place.
 B = Non-inter-level travel time spent in this place.
 C = Inter-level travel time spent in this place.
 D = Time resting spent in this place.
 E = Time spent auto-exploring this place.
 F = Levels seen in this place.
 G = Mean time per level.
                   A        B        C        D        E       F      G
               +--------+--------+--------+--------+--------+-----+--------+
         Total |   2296 |   2238 |     58 |      0 |   1815 |   4 |  574.0 |
       Dungeon |   2296 |   2238 |     58 |      0 |   1815 |   4 |  574.0 |
               +--------+--------+--------+--------+--------+-----+--------+

Top non-repeatable levels by time:
     D:3: 718 daAuts
     D:1: 613 daAuts
     D:2: 580 daAuts
     D:4: 384 daAuts
